 Dungeon Crawl Stone Soup version 0.28-a0-1632-g283549b12f (webtiles) character file.

Game seed: 18016739599525301774

4384 Ijustatesigmund the Fighter (level 10, -7/66 HPs)
             Began as a Gargoyle Fighter on Jan 25, 2022.
             Was a Follower of the Shining One.
             Mangled by a large abomination (11 damage)
             ... on level 1 of the Abyss.
             The game lasted 00:13:24 (8543 turns).

Ijustatesigmund the Fighter (Gargoyle Fighter)      Turns: 8543, Time: 00:13:26

Health: -7/66      AC: 17    Str: 26      XL:     10   Next: 35%
Magic:  14/14      EV: 16    Int:  6 (9)  God:    the Shining One [*.....]
Gold:   467        SH:  0    Dex: 11      Spells: 9/9 levels left

rFire   + + .      SeeInvis .   p - +9 war axe "Fexen" {flame, rPois Will- rCorr Str+4}
rCold   . . .      Faith    .   c - +0 buckler
rNeg    + . .      Spirit   .   b - +2 ring mail {rF+}
rPois   ∞          Reflect  .   (no helmet)
rElec   +          Harm     .   t - +1 cloak
rCorr   +          Rampage  .   h - +0 pair of gloves
Will    .....                   j - +0 pair of boots
Stlth   ..........              (no amulet)
HPRegen 0.21/turn               k - +4 ring of evasion
MPRegen 0.14/turn               m - ring of protection from fire

@: confused, divinely shielded, about to teleport, ambrosia-drunk, glowing
A: sickness immunity, AC +7, negative energy resistance 1, electricity
resistance, torment resistance 1, petrification resistance, deformed body
a: Renounce Religion, Divine Shield


You were on level 1 of the Abyss.
You worshipped the Shining One.
The Shining One was aware of your devotion.
You visited 2 branches of the dungeon, and saw 10 of its levels.
You visited the Abyss 1 time.

You collected 467 gold pieces.

Inventory:

Hand Weapons
 a - a +4 flail
 p - the +9 war axe "Fexen" (weapon) {flame, rPois Will- rCorr Str+4}
   (You found it on level 4 of the Dungeon)

   It burns those it strikes, dealing additional fire damage.
   Big, fiery blades are also staple armaments of hydra-hunters.
   Str:       It affects your strength (+4).
   rPois:     It protects you from poison.
   rCorr:     It protects you from acid and corrosion.
   Will:      It decreases your willpower.
 x - a +0 morningstar
Missiles
 v - 2 throwing nets (quivered)
Armour
 b - a +2 ring mail of fire resistance (worn)
 c - a +0 buckler (worn)
 h - a +0 pair of gloves (worn)
 j - a +0 pair of boots (worn)
 t - a +1 cloak (worn)
Jewellery
 k - a +4 ring of evasion (left hand)
 m - a ring of protection from fire (right hand)
 s - a +6 ring of intelligence
Wands
 d - a wand of flame (21)
 f - a wand of digging (3)
 w - a wand of iceblast (13)
Scrolls
 l - 2 scrolls of teleportation
 q - 3 scrolls of enchant weapon
 y - 3 scrolls of identify
Potions
 e - a potion of might
 g - a potion of attraction
 i - a potion of brilliance
 n - a potion of mutation
 r - 3 potions of magic


   Skills:
 + Level 9.2 Fighting
 + Level 8.9 Maces & Flails
 - Level 4.5 Armour
 + Level 4.7 Dodging
 - Level 4.1 Shields
 + Level 6.2 Invocations


You had 9 spell levels left.
You didn't know any spells.
Your spell library contained the following spells:

 Spells                   Type           Power      Damage    Failure   Level
 Animate Skeleton         Necr           0%         N/A       67%         1
 Pain                     Necr           0%         1d4       67%         1
 Shock                    Conj/Air       0%         1d3       67%         1
 Static Discharge         Conj/Air       0%         N/A       82%         2
 Gell's Gravitas          Tloc           0%         N/A       96%         3
 Portal Projectile        Hex/Tloc       0%         N/A       96%         3
 Teleport Other           Tloc           0%         N/A       96%         3
 Vampiric Draining        Necr           0%         2d6       96%         3
 Blade Hands              Tmut           0%         N/A       100%        5
 Excruciating Wounds      Necr           0%         N/A       100%        5
 Lightning Bolt           Conj/Air       0%         1d11      100%        5
 Dispersal                Tloc           0%         N/A       100%        6
 Disjunction              Tloc           0%         N/A       100%        8
 Maxwell's Capacitive Co  Air            0%         ∞         100%        8


Dungeon Overview and Level Annotations

Branches:
Dungeon (9/15)             Temple (1/1) D:5
   Lair: D:8-11         Orc: D:9-12

Altars:
Ashenzari
Cheibriados
Dithmenos
Elyvilon
Fedhas
Gozag
Kikubaaqudgha
Makhleb
Nemelex Xobeh
Okawaru
Qazlal
Ru
Sif Muna
Trog
Uskayaw
Wu Jian
Xom
Yredelemnul
Zin
The Shining One

Annotations:
D:9 Erolcha


Innate Abilities, Weirdness & Mutations

You are immune to sickness and miasma.
Your stone body is resilient. (AC +7)
You are immune to poison.
You resist negative energy. (rN+)
You are resistant to electric shocks. (rElec)
You are resistant to unholy torment.
You are immune to petrification.
Armour fits poorly on your strangely shaped body.


Message History

You slash the spatial maelstrom! You barely miss the neqoxec.
You hit the large abomination. You burn the large abomination.
The ufetubus disappears in a puff of smoke!
You block the spatial maelstrom's attack. x2
The neqoxec hits you! The large abomination hits you!!
* * * LOW HITPOINT WARNING * * *
The ancient zyme misses you.
The ancient zyme hits you but does no damage.
The neqoxec gestures at you.
Strange energies course through your body.
Your body twists and deforms.
You feel better.
A sixfirhy comes into view.
The ufetubus barely misses you. The ufetubus misses you.
You block the ufetubus's attack. The ufetubus closely misses you.
The large abomination hits you but does no damage.
You block the ancient zyme's attack. The ancient zyme barely misses you.
You block the ufetubus's attack. The ufetubus barely misses you.
The ufetubus hits you but does no damage.
The ufetubus hits you.
* * * LOW HITPOINT WARNING * * *
The neqoxec gestures at you.
You feel dopey. Something feeds on your intellect!
You feel better. You block the ufetubus's attack.
The ufetubus closely misses you. The ufetubus barely misses you.
The ufetubus closely misses you. The large abomination hits you!
* * * LOW HITPOINT WARNING * * *
The ancient zyme closely misses you. The ancient zyme hits you.
* * * LOW HITPOINT WARNING * * *
You block the ufetubus's attack. The ufetubus misses you.
You block the neqoxec's attack.
You are confused.
You feel invigorated. The ufetubus closely misses you. x4
The ufetubus hits you but does no damage.
The ufetubus misses you. The ufetubus hits you.
* * * LOW HITPOINT WARNING * * *
The ufetubus completely misses you. The ancient zyme closely misses you.
The ancient zyme barely misses you. The large abomination hits you!
You die...

# ..# .###### .
#...##.#. ##
#....#...#.
##....#..#.# .
#.....#... ..
#.....vX5##. ..
#..# .#5@5# .#
#....53x53#..#
.#....v5#v.3.#
#....55......#
###.....#v...#....
##.#.##v..##.####
##..##...#...#
.... #..#.##.# ##
# . . .#


You could see a spatial maelstrom, 4 spatial vortices, an ancient zyme, a large
abomination, a sixfirhy, a neqoxec, a ynoxinul and 8 ufetubi.

Vanquished Creatures
  A thrashing horror (Abyss:1)
  An ugly thing (D:9)
  Maggie (D:9)
  An unseen horror (Abyss:1)
  A hornet (D:8)
  2 wyverns
  5 yaks (D:8)
  A vampire (D:9)
  3 black bears
  2 orc warriors
  An ice beast (D:6)
  2 necrophages
  An ogre (D:5)
  A scorpion (D:7)
  3 bullfrogs (D:7)
  A gnoll sergeant (D:9)
  A water moccasin zombie (D:5)
  8 wights
  4 howler monkeys
  A gnoll shaman (D:8)
  A hound (D:5)
  2 orc priests
  An iron imp (Abyss:1)
  Crazy Yiuf (D:7)
  2 centaur skeletons
  3 iguanas
  4 orc wizards
  A hound skeleton (D:5)
  15 gnolls
  3 adders
  A white imp (D:6)
  2 ufetubi
  An adder skeleton (D:4)
  6 worms
  4 dart slugs
  23 orcs
  5 bats
  7 endoplasms
  3 giant cockroaches
  4 goblins
  6 hobgoblins
  4 jackals (D:1)
  2 quokkas
  8 ball pythons
  4 frilled lizards
  6 kobolds
  A quokka skeleton (D:4)
  7 rats
168 creatures vanquished.

Vanquished Creatures (others)
  A plant (D:2)
1 creature vanquished.

Grand Total: 169 creatures vanquished

Notes
Turn   | Place    | Note
-------+----------+-------------------------------------------
     0 | D:1      | Ijustatesigmund the Gargoyle Fighter began the quest for
                  | the Orb.
     0 | D:1      | Reached XP level 1. HP: 14/14 MP: 1/1
   191 | D:1      | Reached XP level 2. HP: 15/19 MP: 2/2
   648 | D:1      | Reached XP level 3. HP: 19/24 MP: 3/3
   761 | D:1      | Reached skill level 4 in Fighting
  1092 | D:2      | Reached XP level 4. HP: 19/30 MP: 4/4
  1525 | D:2      | Found a faded altar of an unknown god.
  1533 | D:2      | Got Plato's Grimoire of Lightness
  2544 | D:3      | Reached XP level 5. HP: 34/34 MP: 5/5
  2688 | D:3      | Reached skill level 5 in Fighting
  3068 | D:3      | Found a snail-covered altar of Cheibriados.
  3581 | D:4      | Noticed a necrophage
  3596 | D:4      | Killed a necrophage
  3597 | D:4      | Reached XP level 6. HP: 36/40 MP: 6/6
  3643 | D:4      | Identified the +9 war axe "Fexen" {flame, rPois Will- rCorr
                  | Str+4}
  4232 | D:5      | Entered Level 5 of the Dungeon
  4387 | D:5      | Found a staircase to the Ecumenical Temple.
  4398 | Temple   | Entered the Ecumenical Temple
  4512 | D:5      | Found a white marble altar of Elyvilon.
  4577 | D:5      | Noticed a necrophage
  4583 | D:5      | Killed a necrophage
  4584 | D:5      | Reached skill level 5 in Maces & Flails
  4584 | D:5      | Reached XP level 7. HP: 45/45 MP: 7/7
  4640 | D:5      | Found a shimmering blue altar of Sif Muna.
  4806 | D:5      | Reached skill level 6 in Fighting
  5433 | D:6      | Reached XP level 8. HP: 52/52 MP: 8/8
  5587 | D:6      | Found a glowing golden altar of the Shining One.
  5598 | D:6      | Became a worshipper of the Shining One
  5622 | D:6      | You fall into a shaft and drop 1 floor!
  5632 | D:7      | Reached skill level 1 in Invocations
  5634 | D:7      | Reached skill level 1 in Dodging
  5844 | D:6      | Reached skill level 7 in Fighting
  6201 | D:7      | Found a runed translucent door.
  6202 | D:7      | Noticed Crazy Yiuf
  6206 | D:7      | Killed Crazy Yiuf
  6374 | D:7      | Reached * piety under the Shining One
  6524 | D:7      | Found a sacrificial altar of Ru.
  6573 | D:7      | Noticed a wyvern
  6579 | D:7      | Reached XP level 9. HP: 50/57 MP: 11/11
  6696 | D:7      | Found a sparkling altar of Nemelex Xobeh.
  6696 | D:7      | Found an iron altar of Okawaru.
  6881 | D:8      | Noticed a hornet
  6886 | D:8      | Killed a hornet
  7190 | D:8      | Reached skill level 8 in Fighting
  7482 | D:8      | Reached skill level 5 in Invocations
  7826 | D:8      | Found a bloodstained altar of Trog.
  8090 | D:9      | Noticed Maggie
  8103 | D:9      | Reached XP level 10. HP: 65/65 MP: 14/14
  8114 | D:9      | Killed Maggie
  8115 | D:9      | Reached skill level 9 in Fighting
  8254 | D:9      | Noticed a white ugly thing
  8258 | D:9      | Noticed Erolcha
  8258 | D:9      | Reached ** piety under the Shining One
  8264 | D:9      | Killed a white ugly thing
  8310 | D:9      | Cast into level 1 of the Abyss (Erolcha)
  8369 | Abyss:1  | Noticed a thrashing horror
  8373 | Abyss:1  | Noticed an unseen horror
  8379 | Abyss:1  | Killed an unseen horror
  8390 | Abyss:1  | Killed a thrashing horror
  8528 | Abyss:1  | Noticed a spatial maelstrom
  8540 | Abyss:1  | HP: 3/66 [large abomination (28)]
  8540 | Abyss:1  | Gained mutation: Armour fits poorly on your strangely
                  | shaped body. [a neqoxec]
  8541 | Abyss:1  | Noticed a sixfirhy
  8543 | Abyss:1  | Mangled by a large abomination

Illustrated notes

Levels and vault maps discovered:
D:1:      dpeg_arrival_orchard, layout_rooms, supply_closet_lemuel
D:2:      layout_basic, shapermc_ecumenical_altar_rom_forum,
          minmay_misc_feat_alley
D:3:      layout_loops_corners, slow_altar_2
D:4:      layout_loops_cross
D:5:      layout_basic, elyvilon_altar_5, nicolae_overflow_hidden_temple,
          old_standard_altar, minmay_temple_entry_ruins
D:6:      layout_loops_ring, mainiacjoe_overflow_boulevard
D:7:      layout_basic, gammafunk_temple_overflow_statue,
          nicolae_ru_sacrificial_ziggurat, uniq_crazy_yiuf_cottage
D:8:      layout_basic, lightli_temple_of_fire
D:9:      layout_basic, dpeg_oklobed_lair, enter_bailey_4, uniq_maggie,
          uniq_erolcha
Temple:   nicolae_temple_hex_pool
Abyss:1:  base: D:7, minivault_5, bh_abyss_exit_spiral

Skill      XL: |  1  2  3  4  5  6  7  8  9 10 |
---------------+-------------------------------+-----
Fighting       | 4 5 6 7 8 9 |  9.2
Maces & Flails | 3 4 5 6 7 8 |  8.9
Armour         | 4 |  4.5
Shields        | 4 |  4.1
Invocations    | 3 5 6 |  6.2
Dodging        | 2 4 |  4.7

Action                   |  1- 3 |  4- 6 |  7- 9 | 10-12 || total
-------------------------+-------+-------+-------+-------++-------
Melee: Flail             |    79 |   112 |       |       ||   191
       Morningstar       |       |    45 |       |       ||    45
       War axe           |       |    19 |   141 |    47 ||   207
Invok: Divine Shield     |       |       |       |     2 ||     2
  Use: Scroll            |     4 |     5 |     9 |     1 ||    19
       Potion            |       |     3 |       |     4 ||     7
 Stab: Invisible         |       |     1 |       |       ||     1
Armor: Scale mail        |    22 |       |       |       ||    22
       Chain mail        |    22 |    89 |       |       ||   111
       Ring mail         |       |     5 |    49 |    33 ||    87
Dodge: Dodged            |    33 |    71 |   121 |    64 ||   289
Block: Buckler           |    17 |    38 |    30 |    35 ||   120

Table legend: (Time is in decaauts)
 A = Elapsed time spent in this place.
 B = Non-inter-level travel time spent in this place.
 C = Inter-level travel time spent in this place.
 D = Time resting spent in this place.
 E = Time spent auto-exploring this place.
 F = Levels seen in this place.
 G = Mean time per level.
                   A        B        C        D        E       F      G
               +--------+--------+--------+--------+--------+-----+--------+
         Total |   8663 |   8465 |    198 |   1232 |   5928 |  11 |  787.5 |
       Dungeon |   8354 |   8162 |    192 |   1050 |   5867 |   9 |  928.2 |
        Temple |     77 |     71 |      6 |      0 |     61 |   1 |   77.0 |
         Abyss |    232 |    232 |      0 |    182 |      0 |   1 |  232.0 |
               +--------+--------+--------+--------+--------+-----+--------+

Top non-repeatable levels by time:
     D:3: 1590 daAuts
     D:8: 1193 daAuts
     D:2: 1158 daAuts
     D:5: 1012 daAuts
     D:7: 939 daAuts
     D:1: 865 daAuts
     D:4: 689 daAuts
     D:6: 641 daAuts
     D:9: 262 daAuts
 Abyss:1: 232 daAuts
  Temple: 77 daAuts
